 Dungeon Crawl Stone Soup version 0.22.0-75-g3901e79 (webtiles) character file.

23113 geeseburger the Blocker (level 13, -6/103 HPs)
             Began as a Gnoll Fighter on Sept 15, 2018.
             Was a High Priest of Okawaru.
             Killed from afar by a deep elf knight (37 damage)
             ... with a stone arrow
             ... on level 1 of the Elven Halls.
             The game lasted 00:50:38 (10993 turns).

geeseburger the Blocker (Gnoll Fighter)            Turns: 10993, Time: 00:50:39

Health: -6/103     AC: 27    Str: 22    XL:     13   Next: 4%
Magic:  24/24      EV: 11    Int: 11    God:    Okawaru [*****.]
Gold:   1078       SH: 13    Dex: 22    Spells: 27/27 levels left

rFire    . . .     SeeInvis +   G - +5 hand axe "Celi" {chop, rElec rF- MR+ Dex+8}
rCold    . . .     Gourm    .   c - +0 shield
rNeg     . . .     Faith    .   z - +3 plate armour
rPois    .         Spirit   .   h - +2 helmet
rElec    +         Reflect  .   t - +1 cloak
rCorr    .         Harm     .   g - +0 pair of gloves
MR       +....                  j - +1 pair of boots "Ontot" {rF+}
Stlth    +.........             y - amulet of regeneration
HPRegen  0.67/turn              B - ring "Eduybroc" {rElec SInv}
MPRegen  0.19/turn              E - ring of stealth

@: no status effects
A: distributed training, fangs 1, clumsy 1, strong nose
a: Heroism, Finesse, Renounce Religion


You were on level 1 of the Elven Halls.
You worshipped Okawaru.
Okawaru was extremely pleased with you.
You were not hungry.

You visited 4 branches of the dungeon, and saw 14 of its levels.
You also visited: Ossuary.

You collected 1294 gold pieces.
You spent 216 gold pieces at shops.

Inventory:

Hand Weapons
 w - a +3 vampiric hand axe
 G - the +5 hand axe "Celi" (weapon) {chop, rElec rF- MR+ Dex+8}
   (You bought it in a shop on level 10 of the Dungeon)

   It inflicts extra damage upon your enemies.
   It affects your dexterity (+8).
   It makes you vulnerable to fire.
   It insulates you from electricity.
   It affects your resistance to hostile enchantments.
Armour
 c - a +0 shield (worn)
 g - a +0 pair of gloves (worn)
 h - a +2 helmet (worn)
 j - the +1 pair of boots "Ontot" (worn) {rF+}
   (Okawaru gifted it to you on level 2 of the Orcish Mines)

   It protects you from fire.
 t - a +1 cloak (worn)
 z - a +3 plate armour (worn)
Jewellery
 x - an uncursed amulet of magic regeneration
 y - an amulet of regeneration (around neck)
 B - the ring "Eduybroc" (left hand) {rElec SInv}
   (You found it on level 7 of the Dungeon)

   [ring of see invisible]

   It insulates you from electricity.
   It lets you see invisible.
 E - a ring of stealth (right hand)
Wands
 a - a wand of flame (28)
 b - a wand of disintegration (31)
 p - a wand of acid (15)
 s - a wand of scattershot (3)
 A - a wand of polymorph (8)
 C - a wand of enslavement (11)
Scrolls
 k - 11 scrolls of teleportation
 o - 4 scrolls of remove curse
 r - 2 scrolls of amnesia
 F - a scroll of fog
Potions
 d - 3 potions of might
 e - 5 potions of curing
 i - 3 potions of brilliance
 l - 2 potions of magic
 m - 2 potions of haste
 n - 2 potions of lignification
 q - a potion of flight {unknown}
 D - a potion of mutation
 H - a potion of cancellation
Comestibles
 f - 12 rations


   Skills:
 + Level 10.1 Fighting
 + Level 7.7 Short Blades
 + Level 7.7 Long Blades
 + Level 9.0 Axes
 + Level 7.7 Maces & Flails
 + Level 7.7 Polearms
 + Level 7.7 Staves
 + Level 7.7 Slings
 + Level 7.7 Bows
 + Level 7.7 Crossbows
 + Level 7.7 Throwing
 + Level 10.1 Armour
 + Level 7.7 Dodging
 + Level 7.7 Stealth
 + Level 10.1 Shields
 + Level 7.7 Unarmed Combat
 + Level 7.7 Spellcasting
 + Level 6.3 Conjurations
 + Level 6.3 Hexes
 + Level 6.3 Charms
 + Level 6.3 Summonings
 + Level 6.3 Necromancy
 + Level 6.3 Translocations
 + Level 6.3 Transmutations
 + Level 6.3 Fire Magic
 + Level 6.3 Ice Magic
 + Level 6.3 Air Magic
 + Level 6.3 Earth Magic
 + Level 6.3 Poison Magic
 + Level 8.4 Invocations
 + Level 7.7 Evocations


You had 27 spell levels left.
You didn't know any spells.
Your spell library contained the following spells:

 Spells                   Type           Power        Failure   Level  Hunger
 Poisonous Vapours        Pois/Air       ###...       43%         2    #......
 Conjure Flame            Conj/Fire      ###.....     67%         3    ###....
 Mephitic Cloud           Conj/Pois/Air  ###.....     67%         3    ###....
 Bolt of Magma            Conj/Fire/Erth ###.......   100%        5    ######.
 Iskenderun's Battlesphe  Conj/Chrm      ###.....     100%        5    ######.
 Venom Bolt               Conj/Pois      ###.......   100%        5    ######.
 Freezing Cloud           Conj/Ice/Air   ###.......   100%        6    #######
 Iron Shot                Conj/Erth      ###.......   100%        6    #######
 Orb of Destruction       Conj           ###.......   100%        7    #######
 Ring of Flames           Chrm/Fire      ###.......   100%        7    #######
 Spellforged Servitor     Conj/Summ      ###.......   100%        7    #######


Dungeon Overview and Level Annotations

Branches:
Dungeon (10/15)            Temple (1/1) D:6            Lair (0/6) D:8
    Orc (2/2) D:9             Elf (1/3) Orc:2

Altars:
Ashenzari
Cheibriados
Dithmenos
Elyvilon
Fedhas
Gozag
Hepliaklqana
Kikubaaqudgha
Makhleb
Nemelex Xobeh
Okawaru
Qazlal
Ru
Sif Muna
Trog
Uskayaw
Vehumet
Wu Jian
Xom
Yredelemnul
Zin
The Shining One

Shops:
D:9 =   D:10 (   Orc:2 [

Annotations:
Orc:2 Erolcha


Innate Abilities, Weirdness & Mutations

Your experience applies equally to all skills.
You have very sharp teeth.
Your uncanny sense of smell can sniff out nearby items.
You are clumsy. (Dex -2)


Message History

You block the deep elf knight's attack.
You miss the deep elf knight.
You bite the deep elf knight, but do no damage.
The deep elf knight is heavily wounded.
The deep elf knight hits you but does no damage. x2
You barely miss the deep elf knight.
The deep elf knight is heavily wounded.
The deep elf knight hits you but does no damage.
You hit the deep elf knight.
The deep elf knight is heavily wounded.
The deep elf knight barely misses you.
You hit the deep elf knight. Your bite misses the deep elf knight.
The deep elf knight is severely wounded.
The deep elf knight gestures at you while chanting.
The stone arrow hits you! You block the deep elf knight's attack.
You slash the deep elf knight!
The deep elf knight is almost dead.
The deep elf knight casts a spell at you.
The stone arrow hits you!
You die...

#....#.#..
###....#)#..
#......)....
##+##.....8...8.
#...............
##...###....#.#..
#)....##....#.#..
##(...###....#.#..
#@#...# #....#.#..
#e######
##..##.##. #.e
#..#####. +## ##.#
#. ## ## ∆ ∆


You could see a deep elf archer and a deep elf knight.

Vanquished Creatures
  3 two-headed ogres
  A deep elf knight (Elf:1)
  An orc knight (Orc:2)
  4 orc sorcerers
  4 deep elf magi (Elf:1)
  A gargoyle (D:10)
  2 centaur skeletons (D:10)
  A troll (D:10)
  A hornet (D:10)
  2 hippogriffs
  Sigmund (D:5)
  6 yaks (D:10)
  A water elemental (Elf:1)
  A wyvern (D:10)
  Grum (D:10)
  A hungry ghost (D:10)
  Menkaure (D:5)
  2 wargs (Orc:2)
  A water moccasin (D:10)
  Duvessa (D:6)
  10 orc warriors
  A sky beast (D:9)
  A black bear (D:7)
  9 ogres
  A hornet zombie (D:10)
  3 wolves
  3 centaurs
  The ghost of Folque the Sneak, an amateur OpWz (D:3)
  2 big kobolds
  2 elf zombies (Ossuary)
  A gnoll sergeant (D:8)
  Blork the orc (D:6)
  7 bullfrogs
  Dowan (D:6)
  5 scorpions
  A troll zombie (D:9)
  9 killer bees
  3 howler monkeys (D:7)
  A wight (D:9)
  5 crimson imps
  2 bullfrog zombies
  A jelly (D:9)
  3 quasits
  3 hounds
  9 human zombies
  21 orc wizards
  10 orc priests
  Crazy Yiuf (D:5)
  A bullfrog skeleton (D:5)
  A human skeleton (D:9)
  12 worker ants
  3 big kobold zombies (Ossuary)
  4 hound zombies
  2 hound skeletons
  5 mummies
  2 worker ant zombies
  5 gnolls (D:8)
  A howler monkey skeleton (D:3)
  10 adders
  An ooze (D:3)
  5 adder zombies (Ossuary)
  An adder skeleton (D:7)
  3 worms (D:2)
  4 leopard geckos
  40 orcs
  A ball python (D:5)
  6 giant cockroaches
  A gnoll zombie (Ossuary)
  7 goblins
  9 hobgoblins
  9 jackals
  3 quokkas
  5 bats
  4 frilled lizards
  4 goblin zombies (Ossuary)
  A hobgoblin zombie (Ossuary)
  A jackal skeleton (D:9)
  A jackal zombie (Ossuary)
  16 kobolds
  4 kobold zombies (Ossuary)
  A leopard gecko zombie (D:5)
  An orc zombie (Ossuary)
  A quokka skeleton (D:9)
  3 quokka zombies (Ossuary)
  6 rats
  A rat zombie (Ossuary)
338 creatures vanquished.

Notes
Turn   | Place    | Note
-------+----------+-------------------------------------------
     0 | D:1      | geeseburger the Gnoll Fighter began the quest for the Orb.
     0 | D:1      | Reached XP level 1. HP: 23/23 MP: 1/1
   113 | D:1      | Reached XP level 2. HP: 29/29 MP: 2/2
   759 | D:2      | Reached XP level 3. HP: 35/35 MP: 3/3
   900 | D:2      | Reached skill level 1 in Invocations
  1052 | D:2      | Found a shadowy altar of Dithmenos.
  1321 | D:2      | Reached skill level 1 in Short Blades
  1321 | D:2      | Reached skill level 1 in Long Blades
  1321 | D:2      | Reached skill level 1 in Maces & Flails
  1321 | D:2      | Reached skill level 1 in Polearms
  1321 | D:2      | Reached skill level 1 in Staves
  1321 | D:2      | Reached skill level 1 in Slings
  1321 | D:2      | Reached skill level 1 in Bows
  1321 | D:2      | Reached skill level 1 in Crossbows
  1321 | D:2      | Reached skill level 1 in Throwing
  1321 | D:2      | Reached skill level 1 in Dodging
  1321 | D:2      | Reached skill level 1 in Stealth
  1321 | D:2      | Reached skill level 1 in Unarmed Combat
  1321 | D:2      | Reached skill level 1 in Spellcasting
  1321 | D:2      | Reached skill level 1 in Evocations
  1453 | D:3      | Reached XP level 4. HP: 41/41 MP: 5/5
  1718 | D:3      | Found a runed gate.
  1719 | D:3      | Found a runed gate.
  1720 | D:3      | Found a runed gate.
  1722 | D:3      | Noticed Folque's ghost (amateur OpWz)
  1757 | D:3      | Found an ornate altar of the Wu Jian Council.
  1773 | D:3      | Found a hide-covered altar of Uskayaw.
  2140 | D:3      | Reached skill level 1 in Conjurations
  2140 | D:3      | Reached skill level 1 in Hexes
  2140 | D:3      | Reached skill level 1 in Charms
  2140 | D:3      | Reached skill level 1 in Summonings
  2140 | D:3      | Reached skill level 1 in Necromancy
  2140 | D:3      | Reached skill level 1 in Translocations
  2140 | D:3      | Reached skill level 1 in Transmutations
  2140 | D:3      | Reached skill level 1 in Fire Magic
  2140 | D:3      | Reached skill level 1 in Ice Magic
  2140 | D:3      | Reached skill level 1 in Air Magic
  2140 | D:3      | Reached skill level 1 in Earth Magic
  2140 | D:3      | Reached skill level 1 in Poison Magic
  2464 | D:3      | Killed Folque's ghost
  2464 | D:3      | Reached XP level 5. HP: 37/47 MP: 5/7
  2627 | D:4      | Found a bloodstained altar of Trog.
  2639 | D:4      | Reached XP level 6. HP: 48/53 MP: 8/8
  2730 | D:4      | Found a burning altar of Makhleb.
  2897 | D:4      | Reached skill level 5 in Axes
  3258 | D:5      | Entered Level 5 of the Dungeon
  3283 | D:5      | Found a sparkling altar of Nemelex Xobeh.
  3294 | D:5      | Got a fine robe
  3317 | D:5      | Reached XP level 7. HP: 59/59 MP: 10/10
  3490 | D:5      | Identified the +1 robe of Polytheism {rN+ Int-3 Dex+3} (You
                  | found it on level 5 of the Dungeon)
  3607 | D:5      | Noticed Sigmund
  3658 | D:5      | Killed Sigmund
  3821 | D:5      | Found a shattered altar of Ashenzari.
  3832 | D:5      | Reached XP level 8. HP: 64/67 MP: 12/12
  4005 | D:5      | Noticed Menkaure
  4016 | D:5      | Killed Menkaure
  4100 | D:5      | Found a runed door.
  4263 | D:5      | Noticed Crazy Yiuf
  4273 | D:5      | Killed Crazy Yiuf
  4304 | D:6      | Found a staircase to the Ecumenical Temple.
  4315 | Temple   | Entered the Ecumenical Temple
  4391 | Temple   | Became a worshipper of Warmaster Okawaru
  4472 | D:6      | Got a crystal war axe
  4473 | D:6      | Identified the cursed +1 war axe of Oxius {protect, Fragile
                  | Int+7 Dex+5} (You found it on level 6 of the Dungeon)
  4623 | D:6      | Found an ancient bone altar of Kikubaaqudgha.
  4663 | D:6      | Noticed Blork the orc
  4674 | D:6      | Killed Blork the orc
  4684 | D:6      | Found a glowing golden altar of the Shining One.
  4806 | D:6      | Noticed Duvessa
  4809 | D:6      | Noticed Dowan
  4817 | D:6      | Killed Duvessa
  4817 | D:6      | Reached * piety under Okawaru
  4817 | D:6      | Reached XP level 9. HP: 72/72 MP: 14/14
  4836 | D:6      | Killed Dowan
  5335 | D:7      | Got a shimmering marble ring
  5336 | D:7      | Identified the ring "Eduybroc" {rElec SInv} (You found it
                  | on level 7 of the Dungeon)
  5367 | D:7      | Found a blossoming altar of Fedhas.
  5949 | D:8      | Reached ** piety under Okawaru
  6032 | D:8      | Found a staircase to the Lair.
  6129 | D:8      | Found a sand-covered staircase.
  6149 | Ossuary  | Entered an ossuary
  6184 | Ossuary  | Reached skill level 5 in Invocations
  6970 | D:8      | Reached XP level 10. HP: 80/80 MP: 17/17
  7022 | D:9      | Noticed a two-headed ogre
  7045 | D:8      | Killed a two-headed ogre
  7045 | D:8      | Reached *** piety under Okawaru
  7045 | D:8      | Reached skill level 5 in Short Blades
  7045 | D:8      | Reached skill level 5 in Long Blades
  7045 | D:8      | Reached skill level 5 in Maces & Flails
  7045 | D:8      | Reached skill level 5 in Polearms
  7045 | D:8      | Reached skill level 5 in Staves
  7045 | D:8      | Reached skill level 5 in Slings
  7045 | D:8      | Reached skill level 5 in Bows
  7045 | D:8      | Reached skill level 5 in Crossbows
  7045 | D:8      | Reached skill level 5 in Throwing
  7045 | D:8      | Reached skill level 5 in Dodging
  7045 | D:8      | Reached skill level 5 in Stealth
  7045 | D:8      | Reached skill level 5 in Unarmed Combat
  7045 | D:8      | Reached skill level 5 in Spellcasting
  7045 | D:8      | Reached skill level 5 in Evocations
  7236 | D:9      | Found a staircase to the Orcish Mines.
  7317 | D:9      | Reached **** piety under Okawaru
  7366 | D:9      | Found a white marble altar of Elyvilon.
  7382 | D:9      | Noticed a two-headed ogre
  7396 | D:9      | Killed a two-headed ogre
  7557 | D:9      | Received a gift from Okawaru
  7557 | D:9      | Noticed a two-headed ogre
  7567 | D:9      | Killed a two-headed ogre
  7703 | D:9      | Found Boosch's Jewellery Shoppe.
  8075 | D:9      | Found a basalt altar of Yredelemnul.
  8093 | D:9      | Reached XP level 11. HP: 87/87 MP: 19/19
  8186 | D:9      | Found a stormy altar of Qazlal.
  8193 | D:9      | Reached skill level 5 in Conjurations
  8193 | D:9      | Reached skill level 5 in Hexes
  8193 | D:9      | Reached skill level 5 in Charms
  8193 | D:9      | Reached skill level 5 in Summonings
  8193 | D:9      | Reached skill level 5 in Necromancy
  8193 | D:9      | Reached skill level 5 in Translocations
  8193 | D:9      | Reached skill level 5 in Transmutations
  8193 | D:9      | Reached skill level 5 in Fire Magic
  8193 | D:9      | Reached skill level 5 in Ice Magic
  8193 | D:9      | Reached skill level 5 in Air Magic
  8193 | D:9      | Reached skill level 5 in Earth Magic
  8193 | D:9      | Reached skill level 5 in Poison Magic
  8193 | D:9      | Reached XP level 12. HP: 96/96 MP: 19/21
  8210 | D:10     | Entered Level 10 of the Dungeon
  8213 | D:10     | Noticed Grum
  8339 | D:10     | Killed Grum
  8451 | D:10     | Paralysed by a hornet for 3 turns
  8459 | D:10     | Paralysed by a hornet for 3 turns
  8503 | D:10     | Reached ***** piety under Okawaru
  8533 | D:10     | Received a gift from Okawaru
  8863 | D:10     | Found Vemiffas's Antique Weapon Emporium.
  8899 | D:10     | Bought an ancient hand axe for 216 gold pieces
  8899 | D:10     | Identified the +5 hand axe "Celi" {chop, rElec rF- MR+
                  | Dex+8} (You bought it in a shop on level 10 of the Dungeon)
  8955 | D:10     | Found a glowing golden altar of the Shining One.
  9301 | Orc:1    | Entered Level 1 of the Orcish Mines
  9504 | Orc:2    | Entered Level 2 of the Orcish Mines
  9699 | Orc:2    | Found a staircase to the Elven Halls.
  9878 | Orc:2    | Received a gift from Okawaru
  9895 | Orc:2    | Got a pair of scorched boots {god gift}
  9933 | Orc:2    | Identified the +1 pair of boots "Ontot" {rF+} (Okawaru
                  | gifted it to you on level 2 of the Orcish Mines)
  9939 | Orc:2    | Found Kofoal's Antique Armour Shoppe.
  9958 | Orc:2    | Noticed a soul eater
  9960 | Orc:2    | Noticed a sun demon
 10043 | Orc:2    | Found a radiant altar of Vehumet.
 10043 | Orc:2    | Noticed an ogre mage
 10043 | Orc:2    | Noticed Erolcha
 10057 | Orc:2    | Paralysed by an orc sorcerer for 7 turns
 10100 | Orc:1    | Gained mutation: You are clumsy. (Dex -2) [a neqoxec]
 10729 | Elf:1    | Entered Level 1 of the Elven Halls
 10746 | Elf:1    | Reached skill level 10 in Fighting
 10746 | Elf:1    | Reached skill level 10 in Armour
 10746 | Elf:1    | Reached skill level 10 in Shields
 10959 | Elf:1    | Noticed a deep elf knight
 10962 | Elf:1    | Noticed a deep elf knight
 10968 | Elf:1    | Killed a deep elf knight
 10968 | Elf:1    | Reached XP level 13. HP: 61/103 MP: 24/24
 10993 | Elf:1    | Killed from afar by a deep elf knight

Skill      XL: |  1  2  3  4  5  6  7  8  9 10 11 12 |
---------------+-------------------------------------+-----
Invocations    | 1 2 3 4 5 6 7 8 |  8.4
Short Blades   | 1 2 3 4 5 6 7 |  7.7
Long Blades    | 1 2 3 4 5 6 7 |  7.7
Maces & Flails | 1 2 3 4 5 6 7 |  7.7
Polearms       | 1 2 3 4 5 6 7 |  7.7
Staves         | 1 2 3 4 5 6 7 |  7.7
Slings         | 1 2 3 4 5 6 7 |  7.7
Bows           | 1 2 3 4 5 6 7 |  7.7
Crossbows      | 1 2 3 4 5 6 7 |  7.7
Throwing       | 1 2 3 4 5 6 7 |  7.7
Dodging        | 1 2 3 4 5 6 7 |  7.7
Stealth        | 1 2 3 4 5 6 7 |  7.7
Unarmed Combat | 1 2 3 4 5 6 7 |  7.7
Spellcasting   | 1 2 3 4 5 6 7 |  7.7
Evocations     | 1 2 3 4 5 6 7 |  7.7
Conjurations   | 1 2 3 4 5 6 |  6.3
Hexes          | 1 2 3 4 5 6 |  6.3
Charms         | 1 2 3 4 5 6 |  6.3
Summonings     | 1 2 3 4 5 6 |  6.3
Necromancy     | 1 2 3 4 5 6 |  6.3
Translocations | 1 2 3 4 5 6 |  6.3
Transmutations | 1 2 3 4 5 6 |  6.3
Fire Magic     | 1 2 3 4 5 6 |  6.3
Ice Magic      | 1 2 3 4 5 6 |  6.3
Air Magic      | 1 2 3 4 5 6 |  6.3
Earth Magic    | 1 2 3 4 5 6 |  6.3
Poison Magic   | 1 2 3 4 5 6 |  6.3
Axes           | 5 6 7 8 9 |  9.0
Fighting       | 7 8 9 10 | 10.1
Armour         | 7 8 9 10 | 10.1
Shields        | 7 8 9 10 | 10.1

Action                   |  1- 3 |  4- 6 |  7- 9 | 10-12 | 13-15 || total
-------------------------+-------+-------+-------+-------+-------++-------
Melee: War axe           |   103 |    80 |   351 |   435 |       ||   969
       Bite              |    15 |    17 |    94 |   139 |     4 ||   269
       Broad axe         |       |    23 |       |       |       ||    23
       Hand axe          |       |    17 |   142 |   255 |    22 ||   436
       Unarmed           |       |       |     5 |       |       ||     5
  Use: Scroll            |     4 |     6 |    11 |     9 |       ||    30
       Potion            |       |       |     1 |     5 |       ||     6
 Stab: Distracted        |       |       |       |     1 |       ||     1
  Eat: Ration            |     1 |     3 |     4 |     5 |       ||    13
Armor: Scale mail        |    18 |       |       |       |       ||    18
       Plate armour      |    33 |    55 |   230 |   322 |    11 ||   651
Dodge: Dodged            |    15 |    28 |   127 |   260 |     8 ||   438
Block: Shield            |    64 |    55 |   276 |   473 |    14 ||   882
